 Dungeon Crawl Stone Soup version 0.28.0-53-g5a82cb258f (webtiles) character file.

Game seed: 9407179285403626513

152 ILmort the Skirmisher (level 5, 0/35 HPs)
             Began as a Gargoyle Fighter on Aug 2, 2022.
             Was a Follower of Elyvilon.
             Slain by Sigmund
             ... wielding a +0 scythe
              (7 damage)
             ... on level 3 of the Dungeon.
             The game lasted 00:13:20 (3388 turns).

ILmort the Skirmisher (Gargoyle Fighter)            Turns: 3388, Time: 00:13:21

Health: 0/35       AC: 11    Str: 22    XL:     5   Next: 34%
Magic:  5/5        EV:  9    Int:  8    God:    Elyvilon [*.....]
Gold:   51         SH:  4    Dex:  9    Spells: 4/4 levels left

rFire   . . .      SeeInvis .   a - +0 flail
rCold   . . .      Faith    .   c - +0 buckler
rNeg    + . .      Spirit   .   b - +0 scale mail
rPois   ∞          Reflect  .   g - +1 hat
rElec   +          Harm     .   (no cloak)
rCorr   .          Rampage  .   (no gloves)
Will    .....                   (no boots)
Stlth   ..........              (no amulet)
HPRegen 0.11/turn               (no ring)
MPRegen 0.09/turn               (no ring)

@: no status effects
A: sickness immunity, AC +4, negative energy resistance 1, electricity
resistance, torment resistance 1, petrification resistance
a: Renounce Religion, Purification


You were on level 3 of the Dungeon.
You worshipped Elyvilon.
Elyvilon was aware of your devotion.
You visited 1 branch of the dungeon, and saw 3 of its levels.

You collected 70 gold pieces.
You spent 19 gold pieces at shops.

Inventory:

Hand Weapons
 a - a +0 flail (weapon)
Armour
 b - a +0 scale mail (worn)
 c - a +0 buckler (worn)
 g - a +1 hat (worn)
 j - a +0 helmet
 p - the +1 ring mail of the Loofah {Str-2 Int+7}
   (You took it off an orc on level 3 of the Dungeon)

   Str:       It affects your strength (-2).
   Int:       It affects your intelligence (+7).
Scrolls
 i - a scroll of holy word {unknown}
 l - a scroll of enchant armour {unknown}
 m - a scroll of identify
 o - a scroll of blinking {unknown}
Potions
 d - a potion of might
 e - a potion of berserk rage {unknown}
 f - a potion of mutation {unknown}
 h - a potion of attraction
 k - a potion of lignification {unknown}
 n - a potion of heal wounds {unknown}


   Skills:
 + Level 5.1 Fighting
 + Level 3.9 Maces & Flails
 - Level 3.3 Armour
 - Level 3.3 Shields


You had 4 spell levels left.
You didn't know any spells.
Your spell library contained the following spells:

 Spells                   Type           Power      Damage    Failure   Level
 Gell's Gravitas          Tloc           0%         N/A       99%         3
 Lesser Beckoning         Tloc           0%         N/A       99%         3
 Teleport Other           Tloc           0%         N/A       99%         3


Dungeon Overview and Level Annotations

Branches:
Dungeon (3/15)

Altars:
Elyvilon

Shops:
D:2 *

Annotations:
D:3 Sigmund


Innate Abilities, Weirdness & Mutations

You are immune to sickness and miasma.
Your stone body is resilient. (AC +4)
You are immune to poison.
You resist negative energy. (rN+)
You are resistant to electric shocks. (rElec)
You are resistant to unholy torment.
You are immune to petrification.


Message History

Reactivating autopickup.
There is a stone staircase leading down here.
HP restored.
Done exploring.
There is a stone staircase leading down here.
You climb downwards.
Level annotation: Sigmund Sigmund casts a spell at you.
The magic dart hits you.
There is a stone staircase leading up here.
Sigmund hits you with a +0 scythe!
You closely miss Sigmund. You barely miss Sigmund. You block Sigmund's attack.
You barely miss Sigmund. You block Sigmund's attack.
You sock Sigmund!
Sigmund is moderately wounded.
Sigmund barely misses you.
You closely miss Sigmund.
Sigmund is moderately wounded.
You block Sigmund's attack.
You barely miss Sigmund.
Sigmund is moderately wounded.
Sigmund casts a spell.
Sigmund flickers and vanishes!
Deactivating autopickup; reactivate with Ctrl-A.
You closely miss something. Something completely misses you.
You barely miss something. Something hits you but does no damage.
You hit something. You hit something. Something hits you!
You hit something. You block something's attack.
You hit something but do no damage. Something hits you but does no damage.
You barely miss something. Something hits you but does no damage.
You barely miss something. You barely miss something. Something hits you!
You closely miss something. Something hits you.
* * * LOW HITPOINT WARNING * * *
Something hits you but does no damage.
There is a stone staircase leading up here.
Something hits you!
You die...

.####.#..## #......#
..........###.##..#.###.
...........#.###..#.....
#####....#..........#
#..#....####..###
##...##.####..#
##.#.....##{.#
#.#.....##..#
#........@..## #
###.....###..# #.##
#........#...##.....
#§###......#.)....#
P§§≈..###.#...##.###
§§≈≈≈........###.#
§≈≈≈...##.#......#
...≈≈≈. #.#.######
..≈≈≈.P #.#.#


There were no monsters in sight!

Vanquished Creatures
  2 orc priests (D:2)
  5 adders (D:2)
  3 dart slugs
  4 orcs
  5 ball pythons
  4 bats
  4 endoplasms
  A giant cockroach (D:2)
  3 goblins
  2 hobgoblins (D:2)
  2 kobolds
  2 quokkas (D:1)
  A ball python skeleton (D:3)
  3 frilled lizards (D:1)
  A quokka skeleton (D:2)
  4 rats
46 creatures vanquished.

Vanquished Creatures (others)
  6 withered plants (D:3)
6 creatures vanquished.

Grand Total: 52 creatures vanquished

Notes
Turn   | Place    | Note
-------+----------+-------------------------------------------
     0 | D:1      | ILmort the Gargoyle Fighter began the quest for the Orb.
     0 | D:1      | Reached XP level 1. HP: 14/14 MP: 1/1
   234 | D:1      | Reached XP level 2. HP: 19/19 MP: 2/2
  1305 | D:2      | Reached XP level 3. HP: 21/24 MP: 3/3
  1312 | D:2      | Reached skill level 4 in Fighting
  1518 | D:2      | Reached XP level 4. HP: 30/30 MP: 4/4
  1658 | D:2      | Found Wogixe Ponio's Assorted Antiques.
  1669 | D:2      | Bought a bubbling inky potion for 19 gold pieces
  1855 | D:2      | Found a faded altar of an unknown god.
  1912 | D:2      | Prayed at the altar of an unknown god.
  1912 | D:2      | Became a worshipper of Elyvilon the Healer
  1912 | D:2      | Reached * piety under Elyvilon
  2118 | D:2      | Reached skill level 5 in Fighting
  2118 | D:2      | Reached XP level 5. HP: 24/35 MP: 5/5
  2699 | D:3      | Found Qudiphi's Book Boutique.
  2743 | D:3      | Noticed Sigmund
  2770 | D:3      | HP: 1/35 [something (10)]
  3125 | D:3      | Identified the +1 ring mail of the Loofah {Str-2 Int+7}
  3388 | D:3      | Slain by Sigmund

Illustrated notes

Levels and vault maps discovered:
D:1:      dpeg_arrival_court, layout_loops_ring, grunt_decor_clamped
D:2:      layout_loops_ring, hellmonk_ecumenical_altar_heavens_door,
          serial_shops, shop_fountains, minmay_misc_feat_doors, st_stairs_1,
          minmay_misc_feat_alley, kennysheep_potato
D:3:      layout_loops_ring, serial_shops, shop, serial_undead, serial_undead_f,
          serial_undead_f, serial_undead_c, serial_undead_a, uniq_grinder,
          uniq_sigmund

Skill      XL: |  1  2  3  4 |
---------------+-------------+-----
Fighting       | 4 5 |  5.1
Maces & Flails | 3 |  3.9
Armour         | |  3.3
Shields        | |  3.3

Action                   |  1- 3 |  4- 6 || total
-------------------------+-------+-------++-------
Melee: Flail             |    82 |    90 ||   172
Invok: Purification      |       |     1 ||     1
  Use: Scroll            |     2 |     3 ||     5
Armor: Scale mail        |    56 |    55 ||   111
Dodge: Dodged            |    35 |    32 ||    67
Block: Buckler           |    19 |    15 ||    34
